 Dungeon Crawl Stone Soup version 0.29-a0-207-gf982a884d8 (webtiles) character file.

Game seed: 1434727747161120367

1032 dolemite99 the Quickloader (level 8, -11/62 HPs)
             Began as a Hill Orc Hunter on Feb 24, 2022.
             Was a Priest of Lugonu.
             Killed from afar by a steam dragon (15 damage)
             ... with a ball of steam
             ... on level 5 of the Dungeon.
             The game lasted 00:08:48 (9008 turns).

dolemite99 the Quickloader (Hill Orc Hunter)        Turns: 9008, Time: 00:08:49

Health: -11/62     AC:  9    Str: 15    XL:     8   Next: 23%
Magic:  8/8        EV:  9    Int: 11    God:    Lugonu [***...]
Gold:   113        SH:  0    Dex: 13    Spells: 7/7 levels left

rFire   . . .      SeeInvis .   a - +3 hand crossbow
rCold   . . .      Faith    .   (no shield)
rNeg    . . .      Spirit   .   s - +0 scale mail
rPois   .          Reflect  .   n - +1 helmet
rElec   .          Harm     .   o - +0 cloak
rCorr   .          Rampage  .   (no gloves)
Will    .....                   (no boots)
Stlth   ..........              (no amulet)
HPRegen 0.20/turn               (no ring)
MPRegen 0.11/turn               (no ring)

@: brilliant
A: no striking features
a: Renounce Religion, Depart the Abyss, Bend Space, Banish


You were on level 5 of the Dungeon.
You worshipped Lugonu.
Lugonu was most pleased with you.
You visited 1 branch of the dungeon, and saw 5 of its levels.

You collected 243 gold pieces.
You spent 130 gold pieces at shops.

Inventory:

Hand Weapons
 a - a +3 hand crossbow (weapon)
 h - a +0 dagger of freezing
 i - a +0 dagger of protection
 j - a +1 spear of freezing
 y - a +0 war axe
Missiles
 c - 152 stones
 e - 12 poisoned darts
Armour
 b - a +0 leather armour
 n - a +1 helmet (worn)
 o - a +0 cloak (worn)
 s - a +0 scale mail (worn)
Magical Staves
 B - a staff of cold
Jewellery
 z - a +6 ring of dexterity
Wands
 A - a wand of digging (3)
Scrolls
 k - 2 scrolls of immolation
 w - a scroll of teleportation
 C - a scroll of blinking
 D - a scroll of amnesia
Potions
 d - a potion of degeneration {unknown}
 f - a potion of flight {unknown}
 g - 2 potions of cancellation
 l - 2 potions of heal wounds {unknown}
 m - 2 potions of resistance {unknown}
 p - 4 potions of mutation
 q - 3 potions of attraction
 r - a potion of ambrosia {unknown}
 t - a potion of lignification {unknown}
 u - a potion of berserk rage {unknown}
 v - 3 potions of brilliance
 x - a potion of magic {unknown}


   Skills:
 - Level 2.4 Fighting
 + Level 9.4 Crossbows
 - Level 1.5 Dodging
 - Level 0.7 Stealth


You had 7 spell levels left.
You didn't know any spells.
Your spell library contained the following spells:

 Spells                   Type           Power      Damage    Failure   Level
 Foxfire                  Conj/Fire      0%         2x1d4     83%         1
 Magic Dart               Conj           0%         1d3       83%         1
 Slow                     Hex            0%         N/A       83%         1
 Confusing Touch          Hex            0%         N/A       99%         3
 Stone Arrow              Conj/Erth      0%         3d7       99%         3
 Summon Guardian Golem    Hex/Summ       0%         N/A       99%         3
 Vampiric Draining        Necr           0%         2d6       99%         3
 Animate Armour           Summ/Erth      0%         N/A       100%        4
 Statue Form              Tmut/Erth      0%         N/A       100%        6
 Orb of Destruction       Conj           0%         9d5       100%        7
 Spellforged Servitor     Conj/Summ      0%         N/A       100%        7
 Maxwell's Capacitive Co  Air            0%         ∞         100%        8


Dungeon Overview and Level Annotations

Branches:
Dungeon (5/15)             Temple (0/1) D:5

Altars:
Qazlal
Sif Muna
Lugonu

Shops:
D:1 [[((   D:4 [[!(


Message History

The steam dragon breathes steam at you. The ball of steam hits you!!
You are too injured to fight recklessly!
You are too injured to fight recklessly!
You are too injured to fight recklessly!
The steam dragon breathes steam at you. The ball of steam hits you.
Press: ? - help, Shift-Dir - straight line, f/p - steam dragon
Aim: a steam dragon (moderately wounded, catching its breath, chance to affect: 78%)
You fail to use your ability.
You are engulfed in a cloud of scalding steam.
The steam dragon bites you but does no damage.
The steam dragon claws you.
* * * LOW HITPOINT WARNING * * *
Shoot: a) +3 hand crossbow
Press: ? - help, Shift-Dir - straight line, f/p - steam dragon
Aim: a steam dragon (steam, moderately wounded, catching its breath, 67% to hit)
You shoot a bolt. The bolt hits the steam dragon!
The steam dragon is severely wounded.
You are engulfed in a cloud of scalding steam.
* * * LOW HITPOINT WARNING * * *
The steam dragon bites you!
* * * LOW HITPOINT WARNING * * *
The steam dragon claws you.
* * * LOW HITPOINT WARNING * * *
There is a staircase to the Ecumenical Temple here.
Shoot: a) +3 hand crossbow
Press: ? - help, Shift-Dir - straight line, f/p - steam dragon
Aim: a steam dragon (steam, severely wounded, 67% to hit)
You shoot a bolt. The bolt hits the steam dragon.
The steam dragon is severely wounded.
The steam dragon breathes steam at you. The ball of steam misses you.
The steam dragon barely misses you. The steam dragon claws you.
* * * LOW HITPOINT WARNING * * *
It was a potion of brilliance.
You feel clever all of a sudden. The steam dragon breathes steam at you.
The ball of steam hits you!
You die...

.......
...##########.## #.#
...............# #.#
#.#....#.##.# #.#
#.#.#.##.#....# #.#
.#...........#.# #.#
...!##.#.#.#.#.# #.#
..#....#.#.#...# #.##
..#.....D......# #.§#
...#.#@§.#.##.## #.§§
.
#.#.#...#.....#####.§§
..
.....#....#.......§§§
...
#.##.#.##.#..#####.§#
....#............#
#### #....##.#.#.#..#
#.#.##....#.#.#..#
#................#
#######..........#


You could see a steam dragon (catching breath).

Vanquished Creatures
  An orc warrior (D:4)
  A sky beast (D:2)
  2 ogres
  A water moccasin zombie (D:5)
  5 hounds
  A centaur zombie (D:5)
  A jelly (D:4)
  An orc priest (D:4)
  An iguana (D:4)
  2 orc wizards (D:3)
  A hound zombie (D:5)
  Robin (D:4)
  2 gnolls
  10 adders
  2 white imps (D:5)
  2 adder skeletons
  6 dart slugs
  9 orcs
  8 bats
  4 endoplasms
  3 giant cockroaches
  11 hobgoblins
  3 jackals (D:1)
  3 quokkas
  11 ball pythons
  2 frilled lizards (D:1)
  18 goblins
  12 kobolds
  5 rats
129 creatures vanquished.

Vanquished Creatures (others)
  A water moccasin skeleton (D:5)
1 creature vanquished.

Grand Total: 130 creatures vanquished

Notes
Turn   | Place    | Note
-------+----------+-------------------------------------------
     0 | D:1      | dolemite99 the Hill Orc Hunter began the quest for the Orb.
     0 | D:1      | Reached XP level 1. HP: 18/18 MP: 1/1
   171 | D:1      | Found Ryalong's Antique Weapon Shop.
   180 | D:1      | Reached skill level 4 in Crossbows
   180 | D:1      | Reached XP level 2. HP: 25/25 MP: 2/2
   265 | D:1      | Got the Compendium of Aerial Conjuration
   514 | D:1      | Reached XP level 3. HP: 28/30 MP: 3/3
   603 | D:1      | Found Ronaonon's Weapon Emporium.
   645 | D:1      | Found Ugynen's Armour Shoppe.
   831 | D:1      | Found Veaful's Armour Shoppe.
  1364 | D:2      | Reached skill level 5 in Crossbows
  1388 | D:2      | Reached XP level 4. HP: 37/37 MP: 4/4
  2011 | D:3      | Noticed a sky beast
  2366 | D:2      | Killed a sky beast
  2367 | D:2      | Reached skill level 6 in Crossbows
  2367 | D:2      | Reached XP level 5. HP: 30/42 MP: 5/5
  2881 | D:3      | Found a faded altar of an unknown god.
  2886 | D:3      | Prayed at the altar of an unknown god.
  2886 | D:3      | Became a worshipper of Lugonu the Unformed
  2886 | D:3      | Reached * piety under Lugonu
  2886 | D:3      | Reached ** piety under Lugonu
  4091 | D:3      | Reached XP level 6. HP: 50/50 MP: 6/6
  4924 | D:4      | Found Fusouv's Weapon Shoppe.
  5577 | D:4      | Reached skill level 7 in Crossbows
  5605 | D:4      | Found Relint's Distillery.
  5693 | D:4      | Bought a potion of haste for 100 gold pieces
  5693 | D:4      | Bought a potion of curing for 30 gold pieces
  5874 | D:4      | Reached XP level 7. HP: 56/56 MP: 7/7
  5969 | D:4      | Found Fompeon's Antique Armour Shop.
  6146 | D:4      | Noticed Robin
  6172 | D:4      | Reached *** piety under Lugonu
  6187 | D:4      | Killed Robin
  6549 | D:4      | Found Cielapp's Armour Boutique.
  6901 | D:5      | Entered Level 5 of the Dungeon
  6970 | D:4      | Reached skill level 8 in Crossbows
  7676 | D:5      | Found a staircase to the Ecumenical Temple.
  7688 | D:5      | Noticed a steam dragon
  8498 | D:5      | Got the Tome of the Mountains
  8512 | D:5      | Reached XP level 8. HP: 58/62 MP: 8/8
  8536 | D:5      | Reached skill level 9 in Crossbows
  8797 | D:5      | Found a stormy altar of Qazlal.
  8891 | D:5      | Found a shimmering blue altar of Sif Muna.
  9008 | D:5      | Killed from afar by a steam dragon

Illustrated notes

Levels and vault maps discovered:
D:1:      dpeg_arrival_round_a, layout_basic, serial_shops,
          nicolae_shop_crystal, nicolae_shop_hallway_stairs, shop,
          nicolae_shop_hallway_stairs
D:2:      layout_loops_ring, minivault_25, nrook_uturn, st_stairs_9
D:3:      layout_basic, ebering_ecumenical_altar_hall, st_stairs_8,
          kennysheep_generic_room_11
D:4:      layout_basic, serial_shops, nicolae_shop_waterfront,
          nicolae_shop_bloodbath_and_beyond, nicolae_shop_window_shopping, shop,
          serial_corexii_hall, corexii_hall_statues_x,
          chequers_hall_statues_corner_a, minmay_snake_closets, uniq_robin
D:5:      layout_basic, beargit_hepliaklqana_dungeon_heroes,
          mainiacjoe_overflow_big_doors, minmay_temple_entry_ruins

Skill      XL: |  1  2  3  4  5  6  7  8 |
---------------+-------------------------+-----
Crossbows      | 4 5 6 7 8 9 |  9.4
Fighting       | |  2.4
Dodging        | |  1.5
Stealth        | |  0.7

Action                   |  1- 3 |  4- 6 |  7- 9 || total
-------------------------+-------+-------+-------++-------
 Fire: Hand crossbow     |   102 |   214 |   226 ||   542
  Use: Scroll            |       |     8 |     4 ||    12
       Potion            |       |     1 |     3 ||     4
Armor: Leather armour    |    16 |     8 |       ||    24
       Scale mail        |       |   111 |   125 ||   236
Dodge: Dodged            |    28 |    96 |   113 ||   237

Table legend: (Time is in decaauts)
 A = Elapsed time spent in this place.
 B = Non-inter-level travel time spent in this place.
 C = Inter-level travel time spent in this place.
 D = Time resting spent in this place.
 E = Time spent auto-exploring this place.
 F = Levels seen in this place.
 G = Mean time per level.
                   A        B        C        D        E       F      G
               +--------+--------+--------+--------+--------+-----+--------+
         Total |   9162 |   8929 |    233 |   4017 |   3441 |   5 | 1832.4 |
       Dungeon |   9162 |   8929 |    233 |   4017 |   3441 |   5 | 1832.4 |
               +--------+--------+--------+--------+--------+-----+--------+

Top non-repeatable levels by time:
     D:4: 3576 daAuts
     D:5: 1717 daAuts
     D:3: 1419 daAuts
     D:1: 1228 daAuts
     D:2: 1220 daAuts
